Red Wings vs Jets
(R1)
Created - December 28, 2019 at 19:49
Goals
|
Red Wings |
0 |
1 |
2 |
3 |
Jets |
0 |
0 |
5 |
5 |
|
Shots
|
Red Wings |
6 |
11 |
17 |
34 |
Jets |
3 |
11 |
19 |
33 |
|
1st period
No Goal
Penalties :
Evgeny Dadonov (Win) for Roughing (Minor) at 0:22, Nino Niederreiter (Win) for High sticking (Minor) at 6:20, Brenden Morrow (Win) for Tripping (Minor) at 14:29, Tyler Myers (Win) for Roughing (Minor) at 17:03
2nd period
1. Red Wings , Mike Richards 6 (Adam Henrique 19) at 7:06 (PP)
Penalties :
Evgeny Dadonov (Win) for Hooking (Minor) at 6:27, Jared Spurgeon (Win) for Interference (Minor) at 17:26
3rd period
2. Jets , Marco Scandella 8 (Marcus Johansson 14, Derek Stepan 33) at 1:02
3. Jets , Reilly Smith 6 (Derek Roy 8, Eric Gelinas 6) at 6:20
4. Red Wings , Tomas Kopecky 7 (Sean Bergenheim 15, Karl Alzner 7) at 9:04 (PP)
5. Jets , Nino Niederreiter 14 (Erik Haula 4, Eric Gelinas 7) at 9:46
6. Red Wings , Mike Richards 7 (Adam Henrique 20, Connor Brown 10) at 11:28
7. Jets , Nino Niederreiter 15 (Jacob Trouba 5, Tyler Johnson 16) at 14:54
8. Jets , Evgeny Dadonov 16 (Tyler Myers 18, Marco Scandella 9) at 15:06
Penalties :
Philip Samuelsson (Det) for Hooking (Minor) at 1:54, Marcus Johansson (Win) for Hooking (Minor) at 8:02
Goalie Stats
James Reimer (Det), 28 saves from 33 shots - (0.848), L, 9-10-2, 60:00 minutes
Kari Lehtonen (Win), 31 saves from 34 shots - (0.912), W, 6-4-0, 60:00 minutes
Players Stats for Red Wings
Player Name G A P +/- PIM S H SB GA TA FO MP PP MP PK MP
------------------------------------------------------------------------------------
Adam Henrique 0 2 2 -1 0 4 1 0 1 0 3/3 21:35 6:19 0:00
Alex Picard 0 0 0 -1 0 0 1 0 1 0 1/1 10:26 0:59 0:12
Anton Volchenkov 0 0 0 -1 0 2 0 1 1 1 0/0 13:45 1:03 0:49
Carson Mcmillan 0 0 0 0 0 1 1 0 0 0 0/0 8:31 0:05 1:01
Connor Brown 0 1 1 -1 0 1 1 1 0 1 2/2 21:35 6:19 0:00
David Krejci 0 0 0 -1 0 0 1 0 1 0 5/6 10:27 0:58 0:00
Jiri Fischer 0 0 0 -1 0 1 0 0 0 1 0/0 17:41 5:09 1:10
Karl Alzner 0 1 1 -2 0 2 0 0 1 1 0/0 20:41 4:28 0:00
Maxim Lapierre 0 0 0 0 0 2 0 1 0 0 1/4 8:36 0:14 0:57
Michael Haley 0 0 0 0 0 1 0 0 0 0 1/1 8:35 0:20 0:50
Mike Richards 2 0 2 -1 0 6 7 1 0 1 19/41 21:37 6:30 0:00
Nick Bjugstad 0 0 0 -2 0 2 2 0 0 0 3/9 18:23 4:07 0:00
Ole-Kristian Tollefsen 0 0 0 -2 0 2 0 1 1 0 0/0 23:37 5:09 0:49
Petr Pohl 0 0 0 -1 0 0 1 0 1 0 0/0 9:43 0:40 0:00
Philip Samuelsson 0 0 0 -1 2 3 1 2 0 0 0/0 24:45 6:27 0:00
Ryan O'Byrne 0 0 0 -1 0 1 1 1 0 0 0/0 19:51 0:56 1:10
Sean Bergenheim 0 1 1 -2 0 3 3 0 0 0 0/0 19:49 4:10 0:58
Tomas Kopecky 1 0 1 -2 0 3 3 0 0 0 0/2 18:23 4:07 0:00
Players Stats for Jets
Player Name G A P +/- PIM S H SB GA TA FO MP PP MP PK MP
------------------------------------------------------------------------------------
Brenden Morrow 0 0 0 1 2 0 1 0 0 1 0/1 13:15 0:00 0:02
Derek Roy 0 1 1 1 0 6 1 0 0 1 3/6 13:42 0:00 0:05
Derek Stepan 0 1 1 2 0 3 0 0 0 0 13/30 16:40 1:02 0:00
Eric Gelinas 0 2 2 3 0 2 0 3 0 0 0/0 21:18 0:38 4:45
Erik Haula 0 1 1 1 0 1 2 0 1 0 0/1 19:14 0:57 6:48
Evgeny Dadonov 1 0 1 2 4 3 4 0 0 1 2/2 16:00 0:57 0:00
Jacob Trouba 0 1 1 1 0 0 0 1 0 0 0/0 18:08 0:00 6:17
Jared Spurgeon 0 0 0 2 2 1 2 0 0 0 0/0 15:11 0:00 0:43
Jason Akeson 0 0 0 0 0 0 2 1 0 1 0/0 6:26 0:00 0:00
Marco Scandella 1 1 2 1 0 1 0 0 1 1 0/0 26:08 1:21 4:17
Marcus Johansson 0 1 1 2 2 5 5 0 2 1 0/0 17:48 1:02 1:52
Nino Niederreiter 2 0 2 1 2 6 0 0 0 0 0/0 15:19 1:02 2:54
Noel Acciari 0 0 0 0 0 0 0 0 0 0 1/3 10:51 0:00 4:44
Oscar Klefbom 0 0 0 1 0 1 0 2 0 1 0/0 14:08 0:38 1:55
Reilly Smith 1 0 1 1 0 1 0 1 0 0 0/0 13:25 0:00 0:00
Ronalds Kenins 0 0 0 0 0 1 1 0 1 0 0/0 6:26 0:00 0:00
Tyler Johnson 0 1 1 1 0 0 0 2 0 0 15/26 19:07 0:57 6:47
Tyler Myers 0 1 1 0 2 2 1 0 0 0 0/0 25:11 1:21 5:15
3 Stars
1 - Mike Richards (Det)
2 - Eric Gelinas (Win)
3 - Nino Niederreiter (Win)
Power Play
Red Wings - 2 on 7 Attempt(s) - 28.57%
Jets - 0 on 1 Attempt(s) - 0.00%
Penalty Kill
Red Wings - 1 on 1 Attempt(s) - 100.00%
- Score 0 goal in Penalty Kill
Jets - 5 on 7 Attempt(s) - 71.43%
- Score 0 goal in Penalty Kill
Team Stat
Red Wings - Hits : 23 - Faceoff Wins : 35 - Blocked Shots : 8 - Penalty Minutes : 2
Jets - Hits : 19 - Faceoff Wins : 34 - Blocked Shots : 10 - Penalty Minutes : 14
Official
Referees : Unknown
Linesman : Unknown
Game Notes
No Game Note
Finance
Level 1 -- Attendance: 5370 (89.50%) -- Ticket Income $547,740
Level 2 -- Attendance: 3589 (71.78%) -- Ticket Income $261,997
Level 3 -- Attendance: 1719 (85.95%) -- Ticket Income $77,355
Level 4 -- Attendance: 3677 (91.93%) -- Ticket Income $91,925
Luxury Box -- Attendance: 1000 (100.00%) -- Ticket Income $180,000
Game was played at the MTS Center.
Total Attendance: 15355 (85.31%)
Total Ticket Income: $1,159,017
Other Income: $173,853
Total Income: $1,332,870
Red Wings
5 vs 5 Forward
Center Left Wing Right Wing Time % Phy DF OF
1 Mike Richards Adam Henrique Connor Brown 38 0 2 3
2 Nick Bjugstad Sean Bergenheim Tomas Kopecky 37 0 2 3
3 David Krejci Alex Picard Petr Pohl 15 0 3 2
4 Maxim Lapierre Michael Haley Carson Mcmillan 10 1 2 2
5 vs 5 Defense
Defense Defense Time % Phy DF OF
1 Ryan O'Byrne Philip Samuelsson 35 0 3 2
2 Ole-Kristian Tollefsen Karl Alzner 35 0 3 2
3 Jiri Fischer Anton Volchenkov 20 0 3 2
4 Jiri Fischer Anton Volchenkov 10 0 3 2
PowerPlay Forward
Center Left Wing Right Wing Time % Phy DF OF
1 Mike Richards Adam Henrique Connor Brown 55 0 1 4
2 Nick Bjugstad Sean Bergenheim Tomas Kopecky 45 0 1 4
PowerPlay Defense
Defense Defense Time % Phy DF OF
1 Philip Samuelsson Ole-Kristian Tollefsen 60 0 2 3
2 Jiri Fischer Karl Alzner 40 0 2 3
Penalty Kill 4 Players Forward
Center Wing Time % Phy DF OF
1 Michael Haley Carson Mcmillan 50 1 2 2
2 Sean Bergenheim Maxim Lapierre 50 1 2 2
Penalty Kill 4 Players Defense
Defense Defense Time % Phy DF OF
1 Ryan O'Byrne Jiri Fischer 50 1 2 2
2 Ole-Kristian Tollefsen Anton Volchenkov 50 1 2 2
Penalty Kill - 3 Players Forward
Forward Time % Phy DF OF
1 Carson Mcmillan 60 1 2 2
2 Michael Haley 40 1 2 2
Penalty Kill - 3 Players Defense
Defense Defense Time % Phy DF OF
1 Ryan O'Byrne Jiri Fischer 50 1 2 2
2 Philip Samuelsson Anton Volchenkov 50 1 2 2
4 vs 4 Forward
Center Wing Time % Phy DF OF
1 Mike Richards Adam Henrique 60 1 2 2
2 Nick Bjugstad Sean Bergenheim 40 1 2 2
4 vs 4 Defense
Defense Defense Time % Phy DF OF
1 Ryan O'Byrne Karl Alzner 60 1 2 2
2 Ole-Kristian Tollefsen Philip Samuelsson 40 1 2 2
Last Minutes Offensive
Center Left Wing Right Wing Defense Defense
Mike Richards Adam Henrique Connor Brown Ole-Kristian Tollefsen Philip Samuelsson
Last Minutes Defensive
Center Left Wing Right Wing Defense Defense
Sean Bergenheim Michael Haley Carson Mcmillan Anton Volchenkov Ryan O'Byrne
Goaltenders
Starting : James Reimer
Backup : Josh Harding
Extra Forwards
Normal : Adam Henrique, Connor Brown, David Krejci - PP : David Krejci, Alex Picard - PK : Alex Picard
Extra Defensemen
Normal : Philip Samuelsson, Ole-Kristian Tollefsen, Karl Alzner - PP : Ryan O'Byrne - PK : Ole-Kristian Tollefsen, Karl Alzner
Penalty Shots
Mike Richards, Carson Mcmillan, Maxim Lapierre, Alex Picard, Sean Bergenheim
Scratches
Andrew Alberts (Healthy), Chris Kelly (Healthy)
Jets
5 vs 5 Forward
Center Left Wing Right Wing Time % Phy DF OF
1 Derek Stepan Marcus Johansson Evgeny Dadonov 36 0 1 4
2 Tyler Johnson Erik Haula Nino Niederreiter 29 0 1 4
3 Derek Roy Brenden Morrow Reilly Smith 25 0 1 4
4 Noel Acciari Ronalds Kenins Jason Akeson 10 2 2 1
5 vs 5 Defense
Defense Defense Time % Phy DF OF
1 Marco Scandella Tyler Myers 37 1 2 2
2 Eric Gelinas Jared Spurgeon 29 1 2 2
3 Oscar Klefbom Jacob Trouba 24 1 2 2
4 Marco Scandella Eric Gelinas 10 1 2 2
PowerPlay Forward
Center Left Wing Right Wing Time % Phy DF OF
1 Derek Stepan Marcus Johansson Nino Niederreiter 60 0 0 5
2 Tyler Johnson Erik Haula Evgeny Dadonov 40 0 0 5
PowerPlay Defense
Defense Defense Time % Phy DF OF
1 Tyler Myers Marco Scandella 60 0 1 4
2 Eric Gelinas Oscar Klefbom 40 0 1 4
Penalty Kill 4 Players Forward
Center Wing Time % Phy DF OF
1 Tyler Johnson Erik Haula 60 0 4 1
2 Noel Acciari Nino Niederreiter 40 0 4 1
Penalty Kill 4 Players Defense
Defense Defense Time % Phy DF OF
1 Tyler Myers Jacob Trouba 60 1 3 1
2 Eric Gelinas Marco Scandella 40 1 3 1
Penalty Kill - 3 Players Forward
Forward Time % Phy DF OF
1 Tyler Johnson 60 0 4 1
2 Erik Haula 40 0 4 1
Penalty Kill - 3 Players Defense
Defense Defense Time % Phy DF OF
1 Tyler Myers Marco Scandella 60 0 5 0
2 Jacob Trouba Eric Gelinas 40 0 5 0
4 vs 4 Forward
Center Wing Time % Phy DF OF
1 Derek Stepan Marcus Johansson 60 1 2 2
2 Tyler Johnson Evgeny Dadonov 40 1 2 2
4 vs 4 Defense
Defense Defense Time % Phy DF OF
1 Marco Scandella Eric Gelinas 60 1 2 2
2 Tyler Myers Oscar Klefbom 40 1 2 2
Last Minutes Offensive
Center Left Wing Right Wing Defense Defense
Tyler Johnson Derek Stepan Evgeny Dadonov Tyler Myers Marco Scandella
Last Minutes Defensive
Center Left Wing Right Wing Defense Defense
Tyler Johnson Erik Haula Nino Niederreiter Tyler Myers Marco Scandella
Goaltenders
Starting : Kari Lehtonen
Backup : Jonathan Bernier
Extra Forwards
Normal : Tyler Johnson, Derek Stepan, Derek Roy - PP : Tyler Johnson, Erik Haula - PK : Tyler Johnson
Extra Defensemen
Normal : Tyler Myers, Marco Scandella, Eric Gelinas - PP : Jacob Trouba - PK : Marco Scandella, Tyler Myers
Penalty Shots
Tyler Johnson, Marcus Johansson, Evgeny Dadonov, Erik Haula, Noel Acciari
Scratches
None
% Time on Ice - Red Wings
Lines # - Real PCT - Wanted PCT - Time Play
Normal Forward
1 - 33% - 38% - 15:29
2 - 32% - 37% - 14:41
3 - 19% - 15% - 8:50
4 - 16% - 10% - 7:25
Normal Defense
1 - 39% - 35% - 17:58
2 - 38% - 35% - 17:25
3 - 18% - 20% - 8:31
4 - 5% - 10% - 2:31
PP Forward
1 - 64% - 55% - 7:26
2 - 36% - 45% - 4:10
PP Defense
1 - 56% - 60% - 6:27
2 - 44% - 40% - 5:09
PK Forward
1 - 51% - 50% - 1:01
2 - 49% - 50% - 0:58
PK Defense
1 - 59% - 50% - 1:10
2 - 41% - 50% - 0:49
PK3 Forward
1 - 0% - 60%
2 - 0% - 40%
PK3 Defense
1 - 0% - 50%
2 - 0% - 50%
44 Forward
1 - 0% - 60%
2 - 0% - 40%
44 Defense
1 - 0% - 60%
2 - 0% - 40%
Last Minute Offensive - 0:00
Last Minute Defensive - 0:00
Total
Forward - 60:00
Defense - 60:00
|
% Time on Ice - Jets
Lines # - Real PCT - Wanted PCT - Time Play
Normal Forward
1 - 33% - 36% - 15:19
2 - 25% - 29% - 11:35
3 - 28% - 25% - 13:05
4 - 14% - 10% - 6:26
Normal Defense
1 - 41% - 37% - 18:58
2 - 30% - 29% - 14:01
3 - 25% - 24% - 11:26
4 - 4% - 10% - 2:00
PP Forward
1 - 52% - 60% - 1:02
2 - 48% - 40% - 0:57
PP Defense
1 - 68% - 60% - 1:21
2 - 32% - 40% - 0:38
PK Forward
1 - 69% - 60% - 8:00
2 - 31% - 40% - 3:36
PK Defense
1 - 63% - 60% - 7:19
2 - 37% - 40% - 4:17
PK3 Forward
1 - 0% - 60%
2 - 0% - 40%
PK3 Defense
1 - 0% - 60%
2 - 0% - 40%
44 Forward
1 - 0% - 60%
2 - 0% - 40%
44 Defense
1 - 0% - 60%
2 - 0% - 40%
Last Minute Offensive - 0:00
Last Minute Defensive - 0:00
Total
Forward - 60:00
Defense - 60:00
|
Play-by-Play
1st period
0:01 of 1st period - Mike Richards wins face-off versus Derek Stepan in neutral zone.
0:22 of 1st period - Minor Penalty to Evgeny Dadonov for Roughing.
0:23 of 1st period - Tyler Johnson wins face-off versus Mike Richards in Jets zone.
0:40 of 1st period - Slapshot by Mike Richards.
0:40 of 1st period - Stopped by Kari Lehtonen with a rebound.
0:58 of 1st period - Snap shot by Sean Bergenheim.
0:58 of 1st period - Stopped by Kari Lehtonen with a rebound.
1:00 of 1st period - Slapshot by Tomas Kopecky.
1:00 of 1st period - Shot Misses the Net.
1:14 of 1st period - Tyler Johnson is hit by Mike Richards and loses puck.
2:09 of 1st period - Erik Haula is hit by Mike Richards and loses puck.
2:22 of 1st period - Penalty to Evgeny Dadonov is over, Evgeny Dadonov is back on ice.
2:32 of 1st period - Slapshot by Tyler Myers.
2:32 of 1st period - Deflect By Jiri Fischer.
2:32 of 1st period - Stopped by James Reimer with a rebound.
3:00 of 1st period - Slapshot by Maxim Lapierre.
3:00 of 1st period - Shot Misses the Net.
3:12 of 1st period - Jiri Fischer is hit by Ronalds Kenins and loses puck.
3:26 of 1st period - Oscar Klefbom is hit by Philip Samuelsson.
3:36 of 1st period - Michael Haley is hit by Tyler Myers and loses puck.
3:43 of 1st period - Wrist shot by Brenden Morrow.
3:43 of 1st period - Shot Blocked by Philip Samuelsson.
4:01 of 1st period - Slapshot by Tomas Kopecky.
4:01 of 1st period - Stopped by Kari Lehtonen without a rebound.
4:02 of 1st period - Mike Richards wins face-off versus Derek Stepan in Jets zone.
4:03 of 1st period - Snap shot by Adam Henrique.
4:03 of 1st period - Deflect By Mike Richards.
4:03 of 1st period - Shot Misses the Net.
4:03 of 1st period - Puck is out of play.
4:04 of 1st period - Derek Stepan wins face-off versus Mike Richards in Jets zone.
4:21 of 1st period - Snap shot by Derek Stepan.
4:21 of 1st period - Stopped by James Reimer without a rebound.
4:22 of 1st period - Nick Bjugstad wins face-off versus Tyler Johnson in Red Wings zone.
4:58 of 1st period - Slapshot by Mike Richards.
4:58 of 1st period - Shot Misses the Net.
5:12 of 1st period - Evgeny Dadonov is hit by Petr Pohl and loses puck.
5:55 of 1st period - Snap shot by Nino Niederreiter.
5:55 of 1st period - Shot Misses the Net.
5:57 of 1st period - Slapshot by Nino Niederreiter.
5:57 of 1st period - Stopped by James Reimer without a rebound.
5:58 of 1st period - Nick Bjugstad wins face-off versus Tyler Johnson in Red Wings zone.
5:58 of 1st period - Nick Bjugstad is hit by Erik Haula.
6:20 of 1st period - Minor Penalty to Nino Niederreiter for High sticking.
6:21 of 1st period - Tyler Johnson wins face-off versus Mike Richards in Jets zone.
6:48 of 1st period - Sean Bergenheim is hit by Erik Haula.
7:54 of 1st period - Erik Haula is hit by Mike Richards and loses puck.
8:20 of 1st period - Penalty to Nino Niederreiter is over, Nino Niederreiter is back on ice.
8:56 of 1st period - Erik Haula is hit by Carson Mcmillan and loses puck.
9:20 of 1st period - Tomas Kopecky is hit by Derek Roy and loses puck.
9:43 of 1st period - Anton Volchenkov is hit by Marcus Johansson and loses puck.
10:05 of 1st period - Mike Richards is hit by Jason Akeson and loses puck.
10:19 of 1st period - Off-side.
10:20 of 1st period - David Krejci wins face-off versus Tyler Johnson in neutral zone.
11:40 of 1st period - Snap shot by David Krejci.
11:40 of 1st period - Shot Blocked by Jacob Trouba.
11:42 of 1st period - Snap shot by David Krejci.
11:42 of 1st period - Deflect By Alex Picard.
11:42 of 1st period - Shot Misses the Net.
11:42 of 1st period - Puck is out of play.
11:43 of 1st period - Tyler Johnson wins face-off versus Tomas Kopecky in Jets zone.
11:53 of 1st period - Slapshot by Sean Bergenheim.
11:53 of 1st period - Shot Blocked by Tyler Johnson.
11:55 of 1st period - Snap shot by Nick Bjugstad.
11:55 of 1st period - Shot Blocked by Eric Gelinas.
11:57 of 1st period - Wrist shot by Tomas Kopecky.
11:57 of 1st period - Stopped by Kari Lehtonen without a rebound.
11:58 of 1st period - Mike Richards wins face-off versus Derek Stepan in Jets zone.
12:17 of 1st period - Adam Henrique is hit by Evgeny Dadonov and loses puck.
13:21 of 1st period - Wrist shot by Nick Bjugstad.
13:21 of 1st period - Shot Blocked by Oscar Klefbom.
13:23 of 1st period - Snap shot by Ole-Kristian Tollefsen.
13:23 of 1st period - Shot Misses the Net.
13:25 of 1st period - Snap shot by Tomas Kopecky.
13:25 of 1st period - Deflect By Sean Bergenheim.
13:25 of 1st period - Stopped by Kari Lehtonen with a rebound.
13:27 of 1st period - Wrist shot by Tomas Kopecky.
13:27 of 1st period - Shot Misses the Net.
13:33 of 1st period - Slapshot by Tomas Kopecky.
13:33 of 1st period - Shot Misses the Net.
13:35 of 1st period - Backhand shot by Ole-Kristian Tollefsen.
13:35 of 1st period - Shot Misses the Net.
13:37 of 1st period - Snap shot by Sean Bergenheim.
13:37 of 1st period - Shot Blocked by Oscar Klefbom.
14:07 of 1st period - Jacob Trouba is hit by Tomas Kopecky and loses puck.
14:29 of 1st period - Minor Penalty to Brenden Morrow for Tripping.
14:30 of 1st period - Mike Richards wins face-off versus Tyler Johnson in Jets zone.
15:13 of 1st period - Erik Haula is hit by Adam Henrique and loses puck.
16:29 of 1st period - Penalty to Brenden Morrow is over, Brenden Morrow is back on ice.
17:03 of 1st period - Minor Penalty to Tyler Myers for Roughing.
17:04 of 1st period - Mike Richards wins face-off versus Tyler Johnson in Jets zone.
17:05 of 1st period - Slapshot by Connor Brown.
17:05 of 1st period - Deflect By Mike Richards.
17:05 of 1st period - Stopped by Kari Lehtonen with a rebound.
17:07 of 1st period - Slapshot by Philip Samuelsson.
17:07 of 1st period - Shot Blocked by Eric Gelinas.
18:29 of 1st period - Tyler Johnson is hit by Alex Picard.
19:03 of 1st period - Penalty to Tyler Myers is over, Tyler Myers is back on ice.
19:15 of 1st period - Wrist shot by Reilly Smith.
19:15 of 1st period - Shot Misses the Net.
19:36 of 1st period - Wrist shot by Marcus Johansson.
19:36 of 1st period - Shot Misses the Net.
Goals for this period are 0 for Red Wings vs 0 for Jets.
Shots for this period are 6 for Red Wings vs 3 for Jets.
2nd period
0:01 of 2nd period - Derek Stepan wins face-off versus Mike Richards in neutral zone.
0:08 of 2nd period - Connor Brown is hit by Marcus Johansson and loses puck.
0:17 of 2nd period - Ryan O'Byrne is hit by Marcus Johansson and loses puck.
0:30 of 2nd period - Snap shot by Philip Samuelsson.
0:30 of 2nd period - Stopped by Kari Lehtonen with a rebound.
0:38 of 2nd period - Snap shot by Tyler Johnson.
0:38 of 2nd period - Shot Blocked by Philip Samuelsson.
1:15 of 2nd period - Slapshot by Philip Samuelsson.
1:15 of 2nd period - Deflect By Noel Acciari.
1:15 of 2nd period - Stopped by Kari Lehtonen without a rebound.
1:16 of 2nd period - Derek Stepan wins face-off versus Maxim Lapierre in Jets zone.
1:31 of 2nd period - Snap shot by Oscar Klefbom.
1:31 of 2nd period - Shot Blocked by Maxim Lapierre.
1:33 of 2nd period - Slapshot by Oscar Klefbom.
1:33 of 2nd period - Shot Misses the Net.
3:05 of 2nd period - Snap shot by Tyler Johnson.
3:05 of 2nd period - Deflect By Nino Niederreiter.
3:05 of 2nd period - Stopped by James Reimer without a rebound.
3:06 of 2nd period - Tyler Johnson wins face-off versus Maxim Lapierre in Red Wings zone.
3:09 of 2nd period - Slapshot by Nino Niederreiter.
3:09 of 2nd period - Shot Misses the Net.
3:54 of 2nd period - Backhand shot by Reilly Smith.
3:54 of 2nd period - Shot Hit the Post.
3:56 of 2nd period - Snap shot by Oscar Klefbom.
3:56 of 2nd period - Deflect By Derek Roy.
3:56 of 2nd period - Shot Misses the Net.
3:56 of 2nd period - Puck is out of play.
3:57 of 2nd period - Derek Roy wins face-off versus Nick Bjugstad in Red Wings zone.
4:17 of 2nd period - Sean Bergenheim is hit by Brenden Morrow and loses puck.
4:55 of 2nd period - Derek Roy is hit by Sean Bergenheim and loses puck.
6:18 of 2nd period - Snap shot by Nick Bjugstad.
6:18 of 2nd period - Stopped by Kari Lehtonen without a rebound.
6:19 of 2nd period - Mike Richards wins face-off versus Derek Stepan in Jets zone.
6:27 of 2nd period - Minor Penalty to Evgeny Dadonov for Hooking.
6:28 of 2nd period - Tyler Johnson wins face-off versus Mike Richards in Jets zone.
6:44 of 2nd period - Slapshot by Erik Haula.
6:44 of 2nd period - Stopped by James Reimer without a rebound.
6:45 of 2nd period - Tyler Johnson wins face-off versus Mike Richards in Red Wings zone.
6:58 of 2nd period - Slapshot by Mike Richards.
6:58 of 2nd period - Stopped by Kari Lehtonen without a rebound.
6:59 of 2nd period - Mike Richards wins face-off versus Tyler Johnson in Jets zone.
7:06 of 2nd period - Slapshot by Mike Richards.
7:06 of 2nd period - Goal by Mike Richards - Red Wings : 1 - Jets : 0.
7:07 of 2nd period - Derek Stepan wins face-off versus Mike Richards in neutral zone.
7:10 of 2nd period - Slapshot by Eric Gelinas.
7:10 of 2nd period - Shot Blocked by Anton Volchenkov.
8:19 of 2nd period - Petr Pohl is hit by Evgeny Dadonov and loses puck.
9:05 of 2nd period - Backhand shot by Evgeny Dadonov.
9:05 of 2nd period - Stopped by James Reimer without a rebound.
9:06 of 2nd period - Tyler Johnson wins face-off versus Mike Richards in Red Wings zone.
9:07 of 2nd period - Snap shot by Nino Niederreiter.
9:07 of 2nd period - Stopped by James Reimer with a rebound.
9:40 of 2nd period - Slapshot by Oscar Klefbom.
9:40 of 2nd period - Deflect By Karl Alzner.
9:40 of 2nd period - Stopped by James Reimer without a rebound.
9:41 of 2nd period - Tyler Johnson wins face-off versus Tomas Kopecky in Red Wings zone.
9:42 of 2nd period - Snap shot by Nino Niederreiter.
9:42 of 2nd period - Stopped by James Reimer without a rebound.
9:43 of 2nd period - Tyler Johnson wins face-off versus Nick Bjugstad in Red Wings zone.
10:16 of 2nd period - Slapshot by Derek Roy.
10:16 of 2nd period - Stopped by James Reimer without a rebound.
10:17 of 2nd period - Mike Richards wins face-off versus Erik Haula in Red Wings zone.
10:22 of 2nd period - Jared Spurgeon is hit by Mike Richards.
10:54 of 2nd period - Snap shot by Derek Roy.
10:54 of 2nd period - Stopped by James Reimer without a rebound.
10:55 of 2nd period - Tyler Johnson wins face-off versus Mike Richards in Red Wings zone.
11:12 of 2nd period - Slapshot by Adam Henrique.
11:12 of 2nd period - Stopped by Kari Lehtonen without a rebound.
11:13 of 2nd period - Evgeny Dadonov wins face-off versus Nick Bjugstad in Jets zone.
11:26 of 2nd period - Wrist shot by Marcus Johansson.
11:26 of 2nd period - Stopped by James Reimer without a rebound.
11:27 of 2nd period - Tyler Johnson wins face-off versus Mike Richards in Red Wings zone.
11:54 of 2nd period - Eric Gelinas is hit by Tomas Kopecky and loses puck.
12:54 of 2nd period - Snap shot by Maxim Lapierre.
12:54 of 2nd period - Shot Misses the Net.
12:56 of 2nd period - Wrist shot by Anton Volchenkov.
12:56 of 2nd period - Stopped by Kari Lehtonen with a rebound.
12:58 of 2nd period - Snap shot by Jiri Fischer.
12:58 of 2nd period - Stopped by Kari Lehtonen without a rebound.
12:59 of 2nd period - Tyler Johnson wins face-off versus Mike Richards in Jets zone.
12:59 of 2nd period - Tyler Johnson is hit by Ryan O'Byrne.
13:15 of 2nd period - Wrist shot by Mike Richards.
13:15 of 2nd period - Shot Blocked by Tyler Johnson.
13:25 of 2nd period - Sean Bergenheim is hit by Evgeny Dadonov and loses puck.
13:46 of 2nd period - Slapshot by Brenden Morrow.
13:46 of 2nd period - Shot Misses the Net.
14:02 of 2nd period - Off-side.
14:03 of 2nd period - Noel Acciari wins face-off versus Mike Richards in neutral zone.
14:06 of 2nd period - Slapshot by Jared Spurgeon.
14:06 of 2nd period - Deflect By Noel Acciari.
14:06 of 2nd period - Shot Blocked by Mike Richards.
14:06 of 2nd period - Puck is out of play.
14:07 of 2nd period - Mike Richards wins face-off versus Noel Acciari in Red Wings zone.
14:14 of 2nd period - Wrist shot by Mike Richards.
14:14 of 2nd period - Stopped by Kari Lehtonen without a rebound.
14:15 of 2nd period - Mike Richards wins face-off versus Derek Stepan in Jets zone.
14:16 of 2nd period - Snap shot by Connor Brown.
14:16 of 2nd period - Shot Blocked by Eric Gelinas.
14:30 of 2nd period - Wrist shot by Derek Stepan.
14:30 of 2nd period - Stopped by James Reimer with a rebound.
14:32 of 2nd period - Snap shot by Marco Scandella.
14:32 of 2nd period - Shot Blocked by Ole-Kristian Tollefsen.
15:48 of 2nd period - Snap shot by Marcus Johansson.
15:48 of 2nd period - Deflect By Derek Stepan.
15:48 of 2nd period - Shot Misses the Net.
15:48 of 2nd period - Puck is out of play.
15:49 of 2nd period - Derek Stepan wins face-off versus Maxim Lapierre in Red Wings zone.
15:55 of 2nd period - Slapshot by Jared Spurgeon.
15:55 of 2nd period - Shot Misses the Net.
16:13 of 2nd period - Wrist shot by Carson Mcmillan.
16:13 of 2nd period - Stopped by Kari Lehtonen with a rebound.
16:15 of 2nd period - Wrist shot by Michael Haley.
16:15 of 2nd period - Stopped by Kari Lehtonen with a rebound.
16:21 of 2nd period - Snap shot by Marcus Johansson.
16:21 of 2nd period - Stopped by James Reimer without a rebound.
16:22 of 2nd period - Mike Richards wins face-off versus Tyler Johnson in Red Wings zone.
17:26 of 2nd period - Minor Penalty to Jared Spurgeon for Interference.
17:27 of 2nd period - Tyler Johnson wins face-off versus Mike Richards in Jets zone.
18:20 of 2nd period - Erik Haula is hit by Tomas Kopecky.
19:06 of 2nd period - Jacob Trouba is hit by Mike Richards and loses puck.
19:26 of 2nd period - Penalty to Jared Spurgeon is over, Jared Spurgeon is back on ice.
19:30 of 2nd period - Icing by Philip Samuelsson.
19:31 of 2nd period - Derek Stepan wins face-off versus Nick Bjugstad in Red Wings zone.
19:32 of 2nd period - Slapshot by Evgeny Dadonov.
19:32 of 2nd period - Shot Misses the Net.
19:44 of 2nd period - Petr Pohl is hit by Jared Spurgeon and loses puck.
Goals for this period are 1 for Red Wings vs 0 for Jets.
Shots for this period are 11 for Red Wings vs 11 for Jets.
3rd period
0:01 of 3rd period - Adam Henrique wins face-off versus Tyler Johnson in neutral zone.
0:06 of 3rd period - Eric Gelinas is hit by Mike Richards and loses puck.
1:00 of 3rd period - Slapshot by Marcus Johansson.
1:00 of 3rd period - Shot Blocked by Ryan O'Byrne.
1:02 of 3rd period - Slapshot by Marco Scandella.
1:02 of 3rd period - Goal by Marco Scandella - Red Wings : 1 - Jets : 1.
1:03 of 3rd period - Derek Stepan wins face-off versus Mike Richards in neutral zone.
1:54 of 3rd period - Minor Penalty to Philip Samuelsson for Hooking.
1:55 of 3rd period - Michael Haley wins face-off versus Derek Stepan in Red Wings zone.
2:09 of 3rd period - Snap shot by Derek Stepan.
2:09 of 3rd period - Stopped by James Reimer with a rebound.
3:54 of 3rd period - Penalty to Philip Samuelsson is over, Philip Samuelsson is back on ice.
4:08 of 3rd period - Snap shot by Derek Roy.
4:08 of 3rd period - Stopped by James Reimer with a rebound.
4:10 of 3rd period - Slapshot by Marco Scandella.
4:10 of 3rd period - Shot Misses the Net.
4:58 of 3rd period - Connor Brown is hit by Jason Akeson and loses puck.
5:03 of 3rd period - Wrist shot by Ronalds Kenins.
5:03 of 3rd period - Shot Misses the Net.
5:05 of 3rd period - Slapshot by Eric Gelinas.
5:05 of 3rd period - Stopped by James Reimer without a rebound.
5:06 of 3rd period - David Krejci wins face-off versus Derek Stepan in Red Wings zone.
5:53 of 3rd period - Wrist shot by Sean Bergenheim.
5:53 of 3rd period - Stopped by Kari Lehtonen without a rebound.
5:54 of 3rd period - Derek Roy wins face-off versus Nick Bjugstad in Jets zone.
6:20 of 3rd period - Wrist shot by Reilly Smith.
6:20 of 3rd period - Goal by Reilly Smith - Red Wings : 1 - Jets : 2.
6:21 of 3rd period - Derek Stepan wins face-off versus Mike Richards in neutral zone.
6:32 of 3rd period - Wrist shot by Marcus Johansson.
6:32 of 3rd period - Stopped by James Reimer without a rebound.
6:33 of 3rd period - Mike Richards wins face-off versus Derek Stepan in Red Wings zone.
6:33 of 3rd period - Mike Richards is hit by Evgeny Dadonov.
6:43 of 3rd period - Tyler Myers is hit by Connor Brown and loses puck.
7:00 of 3rd period - Erik Haula is hit by Sean Bergenheim and loses puck.
7:47 of 3rd period - Wrist shot by Maxim Lapierre.
7:47 of 3rd period - Stopped by Kari Lehtonen with a rebound.
7:49 of 3rd period - Snap shot by Carson Mcmillan.
7:49 of 3rd period - Shot Misses the Net.
7:51 of 3rd period - Slapshot by Philip Samuelsson.
7:51 of 3rd period - Stopped by Kari Lehtonen without a rebound.
7:52 of 3rd period - Adam Henrique wins face-off versus Derek Stepan in Jets zone.
7:57 of 3rd period - Wrist shot by Connor Brown.
7:57 of 3rd period - Stopped by Kari Lehtonen without a rebound.
7:58 of 3rd period - Connor Brown wins face-off versus Derek Stepan in Jets zone.
8:02 of 3rd period - Minor Penalty to Marcus Johansson for Hooking.
8:03 of 3rd period - Tyler Johnson wins face-off versus Mike Richards in Jets zone.
8:13 of 3rd period - Wrist shot by Adam Henrique.
8:13 of 3rd period - Stopped by Kari Lehtonen without a rebound.
8:14 of 3rd period - Mike Richards wins face-off versus Tyler Johnson in Jets zone.
8:48 of 3rd period - Slapshot by Ole-Kristian Tollefsen.
8:48 of 3rd period - Stopped by Kari Lehtonen without a rebound.
8:49 of 3rd period - Tyler Johnson wins face-off versus Nick Bjugstad in Jets zone.
9:04 of 3rd period - Slapshot by Tomas Kopecky.
9:04 of 3rd period - Goal by Tomas Kopecky - Red Wings : 2 - Jets : 2.
9:05 of 3rd period - Evgeny Dadonov wins face-off versus Mike Richards in neutral zone.
9:08 of 3rd period - Snap shot by Marcus Johansson.
9:08 of 3rd period - Stopped by James Reimer without a rebound.
9:09 of 3rd period - Mike Richards wins face-off versus Derek Stepan in Red Wings zone.
9:11 of 3rd period - Icing by Philip Samuelsson.
9:12 of 3rd period - Derek Stepan wins face-off versus Mike Richards in Red Wings zone.
9:32 of 3rd period - Off-side.
9:33 of 3rd period - Nick Bjugstad wins face-off versus Tyler Johnson in neutral zone.
9:44 of 3rd period - Snap shot by Erik Haula.
9:44 of 3rd period - Shot Misses the Net.
9:46 of 3rd period - Wrist shot by Erik Haula.
9:46 of 3rd period - Deflect By Nino Niederreiter.
9:46 of 3rd period - Goal by Nino Niederreiter - Red Wings : 2 - Jets : 3.
9:47 of 3rd period - Derek Stepan wins face-off versus Mike Richards in neutral zone.
9:50 of 3rd period - Snap shot by Evgeny Dadonov.
9:50 of 3rd period - Stopped by James Reimer without a rebound.
9:51 of 3rd period - Mike Richards wins face-off versus Derek Stepan in Red Wings zone.
9:51 of 3rd period - Mike Richards is hit by Jared Spurgeon.
9:56 of 3rd period - Adam Henrique is hit by Marcus Johansson and loses puck.
10:17 of 3rd period - Eric Gelinas is hit by Nick Bjugstad and loses puck.
10:24 of 3rd period - Snap shot by Nick Bjugstad.
10:24 of 3rd period - Deflect By Eric Gelinas.
10:24 of 3rd period - Stopped by Kari Lehtonen with a rebound.
10:26 of 3rd period - Slapshot by Anton Volchenkov.
10:26 of 3rd period - Stopped by Kari Lehtonen without a rebound.
10:27 of 3rd period - Mike Richards wins face-off versus Derek Stepan in Jets zone.
10:28 of 3rd period - Wrist shot by Adam Henrique.
10:28 of 3rd period - Stopped by Kari Lehtonen without a rebound.
10:29 of 3rd period - Adam Henrique wins face-off versus Derek Stepan in Jets zone.
11:04 of 3rd period - Off-side.
11:05 of 3rd period - Mike Richards wins face-off versus Derek Stepan in neutral zone.
11:14 of 3rd period - Slapshot by Eric Gelinas.
11:14 of 3rd period - Stopped by James Reimer without a rebound.
11:15 of 3rd period - Derek Stepan wins face-off versus Mike Richards in Red Wings zone.
11:16 of 3rd period - Slapshot by Marcus Johansson.
11:16 of 3rd period - Stopped by James Reimer without a rebound.
11:17 of 3rd period - Mike Richards wins face-off versus Tyler Johnson in Red Wings zone.
11:28 of 3rd period - Wrist shot by Mike Richards.
11:28 of 3rd period - Goal by Mike Richards - Red Wings : 3 - Jets : 3.
11:29 of 3rd period - Connor Brown wins face-off versus Derek Stepan in neutral zone.
11:55 of 3rd period - Tyler Myers is hit by Nick Bjugstad and loses puck.
13:03 of 3rd period - Eric Gelinas is hit by Sean Bergenheim and loses puck.
13:25 of 3rd period - Off-side.
13:26 of 3rd period - Maxim Lapierre wins face-off versus Noel Acciari in neutral zone.
13:41 of 3rd period - Snap shot by Ronalds Kenins.
13:41 of 3rd period - Stopped by James Reimer with a rebound.
14:06 of 3rd period - Slapshot by Karl Alzner.
14:06 of 3rd period - Stopped by Kari Lehtonen with a rebound.
14:08 of 3rd period - Backhand shot by Maxim Lapierre.
14:08 of 3rd period - Stopped by Kari Lehtonen with a rebound.
14:10 of 3rd period - Wrist shot by Michael Haley.
14:10 of 3rd period - Shot Misses the Net.
14:12 of 3rd period - Snap shot by Karl Alzner.
14:12 of 3rd period - Shot Blocked by Jason Akeson.
14:14 of 3rd period - Slapshot by Ole-Kristian Tollefsen.
14:14 of 3rd period - Stopped by Kari Lehtonen with a rebound.
14:16 of 3rd period - Wrist shot by Karl Alzner.
14:16 of 3rd period - Stopped by Kari Lehtonen without a rebound.
14:17 of 3rd period - Derek Stepan wins face-off versus Mike Richards in Jets zone.
14:35 of 3rd period - Evgeny Dadonov is hit by Mike Richards and loses puck.
14:54 of 3rd period - Wrist shot by Nino Niederreiter.
14:54 of 3rd period - Goal by Nino Niederreiter - Red Wings : 3 - Jets : 4.
14:55 of 3rd period - Derek Stepan wins face-off versus Mike Richards in neutral zone.
15:00 of 3rd period - Snap shot by Marco Scandella.
15:00 of 3rd period - Shot Blocked by Connor Brown.
15:02 of 3rd period - Backhand shot by Evgeny Dadonov.
15:02 of 3rd period - Shot Misses the Net.
15:04 of 3rd period - Slapshot by Tyler Myers.
15:04 of 3rd period - Stopped by James Reimer with a rebound.
15:06 of 3rd period - Snap shot by Evgeny Dadonov.
15:06 of 3rd period - Goal by Evgeny Dadonov - Red Wings : 3 - Jets : 5.
15:07 of 3rd period - Mike Richards wins face-off versus Derek Roy in neutral zone.
15:20 of 3rd period - Snap shot by Adam Henrique.
15:20 of 3rd period - Stopped by Kari Lehtonen with a rebound.
15:22 of 3rd period - Slapshot by Ryan O'Byrne.
15:22 of 3rd period - Stopped by Kari Lehtonen without a rebound.
15:23 of 3rd period - David Krejci wins face-off versus Derek Stepan in Jets zone.
16:11 of 3rd period - Snap shot by Derek Roy.
16:11 of 3rd period - Stopped by James Reimer with a rebound.
17:22 of 3rd period - Wrist shot by Reilly Smith.
17:22 of 3rd period - Shot Misses the Net.
17:24 of 3rd period - Slapshot by Brenden Morrow.
17:24 of 3rd period - Deflect By Reilly Smith.
17:24 of 3rd period - Shot Misses the Net.
17:24 of 3rd period - Puck is out of play.
17:25 of 3rd period - David Krejci wins face-off versus Derek Roy in Red Wings zone.
17:31 of 3rd period - Icing by Brenden Morrow.
17:32 of 3rd period - David Krejci wins face-off versus Derek Roy in Jets zone.
17:35 of 3rd period - Snap shot by Alex Picard.
17:35 of 3rd period - Shot Blocked by Reilly Smith.
17:41 of 3rd period - Snap shot by Derek Roy.
17:41 of 3rd period - Stopped by James Reimer with a rebound.
17:43 of 3rd period - Slapshot by Jared Spurgeon.
17:43 of 3rd period - Stopped by James Reimer without a rebound.
17:44 of 3rd period - Derek Roy wins face-off versus David Krejci in Red Wings zone.
17:47 of 3rd period - Snap shot by Derek Roy.
17:47 of 3rd period - Stopped by James Reimer without a rebound.
17:48 of 3rd period - Alex Picard wins face-off versus Brenden Morrow in Red Wings zone.
18:03 of 3rd period - Wrist shot by Reilly Smith.
18:03 of 3rd period - Shot Misses the Net.
18:24 of 3rd period - Connor Brown is hit by Marcus Johansson and loses puck.
19:42 of 3rd period - Tyler Myers is hit by David Krejci and loses puck.
Goals for this period are 2 for Red Wings vs 5 for Jets.
Shots for this period are 17 for Red Wings vs 19 for Jets.
Back to the Top